 Dungeon Crawl Stone Soup version 0.28-a0-1159-g27aa881441 (webtiles) character file.

Game seed: 10543391555863897698

920 losyanya the Grave Robber (level 7, -3/56 HPs)
             Began as a Deep Dwarf Necromancer on Dec 14, 2021.
             Slain by Sigmund the human (shapeshifter) (6 damage)
             ... on level 5 of the Dungeon on Dec 16, 2021.
             The game lasted 01:34:06 (8063 turns).

losyanya the Grave Robber (Deep Dwarf Necromancer)  Turns: 8063, Time: 01:34:06

Health: -3/56      AC:  3    Str: 12    XL:     7   Next: 83%
Magic:  13/14      EV: 13    Int: 17    God:
Gold:   180        SH:  0    Dex: 13    Spells: 9/15 levels left

rFire   . . .      SeeInvis .   y - +3 quarterstaff (chaos)
rCold   . . .      Faith    .   (shield currently unavailable)
rNeg    . . .      Spirit   .   a - +0 robe
rPois   +          Reflect  .   (no helmet)
rElec   .          Harm     .   z - +0 cloak {rCorr}
rCorr   +          Rampage  .   (no gloves)
Will    ++...                   (no boots)
Stlth   +++.......              (no amulet)
HPRegen 0.00/turn               B - ring of willpower
MPRegen 0.14/turn               v - ring of poison resistance

@: lethally poisoned (-3 -> -3)
A: damage resistance, heal wounds, sense surroundings 1, no regeneration
a: Heal Wounds


You were on level 5 of the Dungeon.
You visited 1 branch of the dungeon, and saw 5 of its levels.

You collected 180 gold pieces.

Inventory:

Hand Weapons
 c - a +0 whip
 e - a +0 mace
 g - a +0 dagger
 h - a +0 flail
 w - a +2 vorpal mace
 y - a +3 quarterstaff of chaos (weapon)
 E - a +3 war axe of flaming
Missiles
 d - 170 stones
 j - 3 atropa-tipped darts (quivered)
 l - 45 sling bullets
 q - 6 curare-tipped darts
 t - 3 silver boomerangs
 D - 32 arrows
Armour
 a - a +0 robe (worn)
 b - a +0 leather armour
 z - a +0 cloak of preservation (worn)
Jewellery
 r - a ring of flight
 v - a ring of poison resistance (right hand)
 B - a ring of willpower (left hand)
Scrolls
 f - a scroll of enchant armour
 i - a scroll of silence {unknown}
 k - a scroll of magic mapping {unknown}
 m - a scroll of amnesia {unknown}
 u - a scroll of teleportation
 x - a scroll of identify
 A - a scroll of vulnerability {unknown}
 C - 2 scrolls of noise
Potions
 n - 4 potions of flight
 p - a potion of attraction {unknown}
 s - a potion of heal wounds


   Skills:
 + Level 0.6 Fighting
 + Level 0.2(0.8) Maces & Flails
 + Level 1.0(1.1) Staves
 * Level 4.1 Dodging
 * Level 5.0 Stealth
 + Level 4.8 Spellcasting
 + Level 7.0 Necromancy


You had 9 spell levels left.
You knew the following spells:

 Your Spells              Type           Power      Damage    Failure   Level
a - Pain                  Necr           100%       1d9       1%          1
b - Animate Skeleton      Necr           54%        N/A       1%          1
c - Vampiric Draining     Necr           27%        2d7       2%          3
d - Apportation           Tloc           8%         N/A       14%         1

Your spell library contained the following spells:

 Spells                   Type           Power      Damage    Failure   Level
 Animate Dead             Necr           13%        N/A       9%          4
 Beastly Appendage        Tmut           8%         N/A       14%         1
 Summon Small Mammal      Summ           16%        N/A       14%         1
 Ensorcelled Hibernation  Hex/Ice        8%         N/A       22%         2
 Passwall                 Tmut/Erth      3%         N/A       22%         2
 Wereblood                Tmut           4%         N/A       22%         2
 Agony                    Necr           27%        N/A       22%         5
 Spider Form              Tmut/Pois      4%         N/A       41%         3
 Tukima's Dance           Hex            4%         N/A       41%         3
 Storm Form               Tmut/Air       2%         N/A       100%        7
 Necromutation            Tmut/Necr      8%         N/A       100%        8


Dungeon Overview and Level Annotations

Branches:
Dungeon (5/15)
 Temple: D:4-7

Altars:
Nemelex Xobeh

Shops:
D:4 (

Annotations:
D:5 Sigmund


Innate Abilities, Weirdness & Mutations

You are resistant to damage.
You can heal yourself by infusing magical energy.
You passively map a small area around you.
You do not regenerate.


Message History

Okay, then.
Your hound skeleton crumbles into dust!
Sigmund the human comes into view. It is wielding a +1 scythe of venom.
Casting: Animate Skeleton (safe; 1% risk of failure)
Confirm with . or Enter, or press ? or * to list all spells.
Okay, then.
Casting: Animate Skeleton (safe; 1% risk of failure)
Confirm with . or Enter, or press ? or * to list all spells.
Aiming: Pain (safe; 1% risk of failure)
Press: ? - help, Shift-Dir - straight line, f - Sigmund
Aim: Sigmund the human, wielding a +1 scythe of venom and wearing a +0 robe (chance to affect: 84%) Sigmund writhes in agony.
Casting: Pain (safe; 1% risk of failure)
Confirm with . or Enter, or press ? or * to list all spells.
Aiming: Pain (safe; 1% risk of failure)
Press: ? - help, Shift-Dir - straight line, f/p - Sigmund
Aim: Sigmund the human, wielding a +1 scythe of venom and wearing a +0 robe (lightly wounded, chance to affect: 84%) Sigmund barely resists.
Casting: Pain (safe; 1% risk of failure)
Confirm with . or Enter, or press ? or * to list all spells.
Aiming: Pain (safe; 1% risk of failure)
Press: ? - help, Shift-Dir - straight line, f/p - Sigmund
Aim: Sigmund the human, wielding a +1 scythe of venom and wearing a +0 robe (lightly wounded, chance to affect: 84%) Sigmund writhes in agony!
Sigmund hits you from afar with a +1 scythe of venom!!
You are poisoned.
Sigmund closely misses you.
You hit Sigmund.
Sigmund seems to speed up.
Sigmund is heavily wounded.
Sigmund hits you with a +1 scythe of venom! x2
* * * LOW HITPOINT WARNING * * *
Sigmund closely misses you.
Sigmund hits you from afar with a +1 scythe of venom!
* * * LOW HITPOINT WARNING * * *
You are more poisoned.
Sigmund smiles chillingly.
Sigmund closely misses you.
Sigmund hits you from afar with a +1 scythe of venom.
Sigmund hits you from afar with a +1 scythe of venom!
You die...

,.. # , #.#.##.# #.
.## #.#.##.# #. # * *
#......# *#. ,
###.####
#.##*########### #.#
,#... ..#......# #.#
#.)#* #.#.####.# #.#
,#..####.#.####.####.#
,#............p.@....#
##.####.#.####.######
*#.####.#.# #.#
#..Y...#......# ,
############### * ** ,


You could see Sigmund the human (fast).

Vanquished Creatures
  2 yaks
  An ogre (D:4)
  3 orc priests (D:4)
  A hound (D:5)
  Crazy Yiuf (D:3)
  A jelly (D:3)
  Jessica (D:3)
  Terence (D:3)
  Natasha (thrice) (D:3)
  3 orc wizards
  6 adders
  4 worms
  3 dart slugs (D:2)
  15 orcs
  4 endoplasms
  4 giant cockroaches
  12 goblins
  7 hobgoblins
  2 jackals (D:1)
  5 kobolds
  5 quokkas
  7 ball pythons
  3 bats
  3 frilled lizards
  5 rats
102 creatures vanquished.

Vanquished Creatures (collateral kills)
  A hobgoblin (D:3)
  A jackal (D:1)
2 creatures vanquished.

Vanquished Creatures (others)
  A fungus (D:3)
1 creature vanquished.

Grand Total: 105 creatures vanquished

Notes
Turn   | Place    | Note
-------+----------+-------------------------------------------
     0 | D:1      | losyanya the Deep Dwarf Necromancer began the quest for the
                  | Orb.
     0 | D:1      | Reached XP level 1. HP: 15/15 MP: 3/3
    24 | D:1      | Learned a level 1 spell: Animate Skeleton
   217 | D:1      | Got Pekhlij's Incunabulum of Transformation
   639 | D:1      | Reached XP level 2. HP: 14/22 MP: 1/5
  1847 | D:2      | Reached XP level 3. HP: 17/28 MP: 2/6
  2368 | D:2      | Reached skill level 5 in Necromancy
  2513 | D:2      | Reached XP level 4. HP: 17/36 MP: 4/8
  2553 | D:2      | Learned a level 3 spell: Vampiric Draining
  3038 | D:3      | Noticed Natasha
  3043 | D:3      | Killed Natasha
  3062 | D:3      | Noticed Natasha
  3075 | D:3      | Killed Natasha
  3131 | D:3      | Noticed Jessica
  3135 | D:3      | Killed Jessica
  3136 | D:3      | Reached XP level 5. HP: 34/42 MP: 5/9
  3773 | D:3      | Reached skill level 6 in Necromancy
  4569 | D:3      | Noticed Natasha
  4582 | D:3      | Killed Natasha
  4583 | D:3      | Reached XP level 6. HP: 23/49 MP: 1/11
  4659 | D:3      | Upgraded the game from 0.28-a0-1143-gcf6077d4cc to
                  | 0.28-a0-1152-g9c71ebef14
  4878 | D:3      | Noticed Terence
  4883 | D:3      | Killed Terence
  5605 | D:3      | Found a faded altar of an unknown god.
  5750 | D:3      | Found a runed translucent door.
  5751 | D:3      | Noticed Crazy Yiuf
  5764 | D:3      | Killed Crazy Yiuf
  5821 | D:3      | Upgraded the game from 0.28-a0-1152-g9c71ebef14 to
                  | 0.28-a0-1159-g27aa881441
  6482 | D:4      | Found Siptij's Weapon Emporium.
  6490 | D:4      | Learned a level 1 spell: Apportation
  6751 | D:4      | Found a sparkling altar of Nemelex Xobeh.
  6884 | D:4      | Reached XP level 7. HP: 36/56 MP: 11/13
  7311 | D:5      | Entered Level 5 of the Dungeon
  7556 | D:5      | Noticed a yak
  7587 | D:5      | Killed a yak
  7691 | D:5      | Noticed a yak
  7692 | D:5      | Noticed a yak
  7692 | D:5      | Noticed a yak
  7694 | D:5      | Noticed a yak
  7745 | D:4      | Killed a yak
  7746 | D:4      | Reached skill level 1 in Staves
  7892 | D:5      | Reached skill level 5 in Stealth
  7892 | D:5      | Reached skill level 7 in Necromancy
  8038 | D:5      | Noticed Sigmund
  8040 | D:5      | Noticed Sigmund
  8040 | D:5      | Sigmund changed into Sigmund the shapeshifter
  8040 | D:5      | Noticed Sigmund
  8040 | D:5      | Sigmund the shapeshifter changed into Sigmund the yak
  8048 | D:5      | Noticed Sigmund
  8063 | D:5      | Slain by Sigmund the human (shapeshifter)

Illustrated notes

Levels and vault maps discovered:
D:1:      lightli_molten_gateway, layout_basic
D:2:      layout_basic
D:3:      layout_basic, hellmonk_ecumenical_altar_leap_of_faith,
          minmay_joined_circles, uniq_natasha, uniq_crazy_yiuf_cottage,
          uniq_terence, uniq_jessica
D:4:      layout_loops_cross, nemelex_diamond_rough_becter, serial_shops, shop,
          chequers_serial_rivers_marsh
D:5:      layout_loops_cross, uniq_sigmund

Skill      XL: |  1  2  3  4  5  6  7 |
---------------+----------------------+-----
Spellcasting   | 2 3 4 |  4.8
Necromancy     | 5 6 7 |  7.0
Stealth        | 3 4 5 |  5.0
Dodging        | 3 4 |  4.1
Staves         | 1 |  1.0
Fighting       | |  0.6
Maces & Flails | |  0.2

Action                   |  1- 3 |  4- 6 |  7- 9 || total
-------------------------+-------+-------+-------++-------
Melee: Unarmed           |    13 |       |       ||    13
       Mace              |    13 |    33 |       ||    46
       Quarterstaff      |       |    18 |    14 ||    32
Throw: Dart              |       |     4 |       ||     4
 Cast: Pain              |    57 |   115 |    22 ||   194
       Animate Skeleton  |    13 |    25 |     6 ||    44
       Vampiric Draining |       |     7 |     5 ||    12
 Abil: Heal Wounds       |       |     1 |       ||     1
  Use: Potion            |       |     2 |     2 ||     4
       Scroll            |       |     5 |       ||     5
 Stab: Sleeping          |     3 |     7 |     1 ||    11
Armor: Robe              |     4 |    10 |     3 ||    17
       Skin              |       |       |     2 ||     2
Dodge: Dodged            |    22 |    36 |     8 ||    66

Table legend: (Time is in decaauts)
 A = Elapsed time spent in this place.
 B = Non-inter-level travel time spent in this place.
 C = Inter-level travel time spent in this place.
 D = Time resting spent in this place.
 E = Time spent auto-exploring this place.
 F = Levels seen in this place.
 G = Mean time per level.
                   A        B        C        D        E       F      G
               +--------+--------+--------+--------+--------+-----+--------+
         Total |   8088 |   8086 |      2 |   3440 |   1718 |   5 | 1617.6 |
       Dungeon |   8088 |   8086 |      2 |   3440 |   1718 |   5 | 1617.6 |
               +--------+--------+--------+--------+--------+-----+--------+

Top non-repeatable levels by time:
     D:3: 2772 daAuts
     D:1: 1737 daAuts
     D:4: 1604 daAuts
     D:2: 1374 daAuts
     D:5: 599 daAuts
